 Dungeon Crawl Stone Soup version 0.20.1-1-g8b1a95d (webtiles) character file.

6461 ZaListios the Basher (level 10, -5/91 HPs)
             Began as a Minotaur Berserker on Oct 28, 2017.
             Was an Elder of Trog.
             Slain by Erica
             ... wielding a +1 scimitar of flaming
              (6 damage)
             ... on level 9 of the Dungeon.
             The game lasted 00:55:52 (10203 turns).

ZaListios the Basher (Minotaur Berserker)          Turns: 10203, Time: 00:55:55

Health: -5/91      AC: 24    Str: 24    XL:     10   Next: 68%
Magic:  9/9        EV:  9    Int:  6    God:    Trog [****..]
Gold:   122        SH:  0    Dex:  9    Spells: 9/9 levels left

rFire    . . .     SeeInvis .   r - +4 dire flail (protect)
rCold    . . .     Gourm    .   (shield currently unavailable)
rNeg     . . .     Faith    .   a - +1 plate armour
rPois    .         Spirit   .   (helmet restricted)
rElec    .         Reflect  .   (no cloak)
rCorr    .         Harm     .   g - +0 pair of gloves
MR       .....                  (no boots)
Stlth    ..........             (no amulet)
Regen    0.3/turn               (no ring)
MPRegen  0.2/turn               (no ring)

@: lethally poisoned (-5 -> -22), protection aura, slowed, very slow
A: retaliatory headbutt, horns 2
a: Berserk, Trog's Hand, Brothers in Arms, Burn Spellbooks, Renounce Religion


You were on level 9 of the Dungeon.
You worshipped Trog.
Trog was greatly pleased with you.
You were very hungry.

You visited 1 branch of the dungeon, and saw 9 of its levels.
You also visited: Ossuary.

You collected 519 gold pieces.
You spent 397 gold pieces at shops.

Inventory:

Hand Weapons
 j - a +3 mace of crushing
 r - a +4 dire flail of protection (weapon)
Armour
 a - a +1 plate armour (worn)
 g - a +0 pair of gloves (worn)
Jewellery
 s - an uncursed amulet of rage {unknown}
 x - a cursed ring of loudness {unknown}
Wands
 z - a wand of paralysis (15/24)
 A - a wand of polymorph (9/24)
Scrolls
 b - a scroll of recharging
 h - 8 scrolls of remove curse
 i - a scroll of enchant armour
 u - 5 scrolls of teleportation
 v - a scroll of magic mapping
 y - a scroll of summoning
Potions
 d - a potion of agility {unknown}
 e - 6 potions of lignification
 k - 2 potions of brilliance
 l - 2 potions of curing
 m - 3 potions of might
 n - 3 potions of mutation {unknown}
 o - 4 potions of haste {unknown}
 p - a potion of invisibility {unknown}
 t - a potion of magic {unknown}
 w - a potion of resistance
Comestibles
 c - 11 bread rations
 f - 6 meat rations


   Skills:
 + Level 9.4 Fighting
   Level 3.4(9.0) Axes
 + Level 12.5(12.7) Maces & Flails
 + Level 10.7 Armour
 + Level 4.6 Dodging
 + Level 1.7 Stealth


You had 9 spell levels left.
You didn't know any spells.

Dungeon Overview and Level Annotations

Branches:
Dungeon (9/15)             Temple (0/1) D:6
   Lair: D:8-11         Orc: D:9-12

Altars:
Elyvilon
Qazlal
Sif Muna

Shops:
D:8 *[

Annotations:
D:9 Erica


Innate Abilities, Weirdness & Mutations

You reflexively headbutt those who attack you in melee.
You have a pair of horns on your head.


Message History

You are lethally poisoned!
* * * LOW HITPOINT WARNING * * *
You closely miss Erica. You headbutt Erica!
Erica is lightly wounded.
* * * LOW HITPOINT WARNING * * *
You feel sick. Erica casts a spell at you. The bolt of poison misses you.
Your plate armour prevents you from hitting Erica.
You headbutt Erica, but do no damage.
Erica is lightly wounded.
* * * LOW HITPOINT WARNING * * *
You feel sick. Erica hits you but does no damage.
You hit Erica.
Your weapon exudes an aura of protection.
Erica is moderately wounded.
* * * LOW HITPOINT WARNING * * *
You feel sick.
Erica hits you with a scimitar of flaming.
You die...

#####.# #.....#
#.##### #.#
#########.#
#...{.5...#
#.#########
#.#####<#####
#....@@.....#
######5..##.#
#.....# #
##.###...#.#
.........#.#####
.#.####.........
##.#.##### #.#.#
.. #...#....


You could see Erica and a crimson imp.

Vanquished Creatures
  The ghost of ThereIsNoGod the Basher, a journeyman TrFi of Okawaru (D:9)
  2 two-headed ogres (D:8)
  The ghost of ak87 the Changer, an amateur DgTm (Ossuary)
  Prince Ribbit (D:5)
  A hippogriff (D:7)
  A spriggan (D:8)
  A hungry ghost (D:8)
  Edmund (D:5)
  An orc warrior (D:8)
  3 phantoms
  A black bear (D:7)
  An ice beast (D:6)
  2 ogres
  3 centaurs
  Blork the orc (D:4)
  An elf zombie (Ossuary)
  6 bullfrogs
  A scorpion (D:7)
  4 killer bees (D:7)
  2 howler monkeys (D:7)
  2 bullfrog zombies
  3 crimson imps
  5 hounds
  2 centaur zombies
  2 human zombies (Ossuary)
  A jelly (D:8)
  3 orc wizards
  3 orc priests
  A centaur skeleton (D:6)
  3 iguanas
  Ijyb (D:5)
  Natasha (thrice) (D:4)
  6 worker ants
  A big kobold zombie (Ossuary)
  3 hound zombies
  4 mummies (Ossuary)
  Robin (D:3)
  A howler monkey skeleton (D:5)
  12 adders
  2 oozes
  2 adder zombies
  8 worms
  5 dart slugs
  6 leopard geckos
  16 orcs
  7 giant cockroaches
  A gnoll zombie (Ossuary)
  13 goblins
  7 hobgoblins
  9 jackals
  2 quokkas
  2 ball pythons
  4 bats
  8 frilled lizards
  A goblin zombie (Ossuary)
  A jackal skeleton (D:8)
  6 kobolds
  A kobold zombie (Ossuary)
  A leopard gecko zombie (D:1)
  10 rats
  3 rat zombies (Ossuary)
207 creatures vanquished.

Vanquished Creatures (others)
  An orc wizard (D:5)
1 creature vanquished.

Grand Total: 208 creatures vanquished

Notes
Turn   | Place    | Note
-------+----------+-------------------------------------------
     0 | D:1      | ZaListios the Minotaur Berserker began the quest for the Orb.
     0 | D:1      | Reached XP level 1. HP: 19/19 MP: 0/0
   288 | D:1      | Reached XP level 2. HP: 25/27 MP: 1/1
   365 | D:1      | Reached skill level 4 in Maces & Flails
   574 | D:1      | Reached XP level 3. HP: 24/33 MP: 2/2
   843 | D:1      | Reached ** piety under Trog
   960 | D:2      | Found a white marble altar of Elyvilon.
  1442 | D:2      | Reached XP level 4. HP: 37/41 MP: 3/3
  2156 | D:3      | Noticed Robin
  2207 | D:3      | Reached skill level 5 in Maces & Flails
  2213 | D:3      | Killed Robin
  2242 | D:3      | Reached XP level 5. HP: 38/47 MP: 4/4
  2325 | D:3      | Reached *** piety under Trog
  2932 | D:4      | Noticed Natasha
  2937 | D:4      | Killed Natasha
  2972 | D:4      | Reached skill level 5 in Fighting
  2972 | D:4      | Reached XP level 6. HP: 55/56 MP: 5/5
  3421 | D:4      | Noticed Natasha
  3430 | D:4      | Killed Natasha
  3737 | D:4      | Reached skill level 6 in Maces & Flails
  3753 | D:4      | Reached skill level 5 in Armour
  3813 | D:4      | Noticed Blork the orc
  3826 | D:4      | Killed Blork the orc
  3826 | D:4      | Reached XP level 7. HP: 34/61 MP: 6/6
  3925 | D:4      | Noticed Natasha
  3936 | D:4      | Killed Natasha
  4451 | D:4      | Reached skill level 1 in Axes
  4660 | D:5      | Entered Level 5 of the Dungeon
  4681 | D:5      | Found a deep blue altar of Sif Muna.
  4706 | D:5      | Reached **** piety under Trog
  4712 | D:5      | Noticed Edmund
  4735 | D:5      | Killed Edmund
  4856 | D:5      | Noticed Ijyb
  4936 | D:5      | Killed Ijyb
  4998 | D:5      | Reached XP level 8. HP: 67/71 MP: 7/7
  5070 | D:5      | Noticed Prince Ribbit
  5380 | D:5      | Killed Prince Ribbit
  5380 | D:5      | Reached skill level 7 in Maces & Flails
  5858 | D:6      | Found a glowing drain.
  6206 | D:6      | Found a stormy altar of Qazlal.
  6208 | D:6      | Noticed an air elemental
  6359 | D:6      | Found a staircase to the Ecumenical Temple.
  6402 | D:6      | Reached skill level 8 in Maces & Flails
  6921 | D:7      | Reached skill level 9 in Maces & Flails
  6921 | D:7      | Reached XP level 9. HP: 12/79 MP: 8/8
  7433 | D:7      | Reached skill level 10 in Maces & Flails
  7806 | D:8      | Found a sand-covered staircase.
  7810 | Ossuary  | Entered an ossuary
  7846 | Ossuary  | Noticed ak87's ghost (amateur DgTm)
  7868 | Ossuary  | Killed ak87's ghost
  7868 | Ossuary  | Reached skill level 11 in Maces & Flails
  7868 | Ossuary  | Reached skill level 1 in Stealth
  8270 | Ossuary  | Paralysed by fainting for 8 turns
  8420 | D:8      | Found Yweducue's Assorted Antiques.
  8441 | D:8      | Bought a sedimented blue potion for 14 gold pieces
  8441 | D:8      | Bought a scroll of remove curse for 48 gold pieces
  8441 | D:8      | Bought a scroll labeled TIKLOPU WEHE for 16 gold pieces
  8441 | D:8      | Bought a runed mace for 96 gold pieces
  8722 | D:8      | Found Zeomano's Armour Shoppe.
  8724 | D:8      | Noticed a two-headed ogre
  8741 | D:8      | Killed a two-headed ogre
  8741 | D:8      | Reached skill level 10 in Armour
  8741 | D:8      | Reached XP level 10. HP: 54/90 MP: 9/9
  8747 | D:8      | Bought the +1 leather armour "Ydde" {Int+3} for 223 gold pieces
  8812 | D:8      | Noticed a two-headed ogre
  8822 | D:8      | Killed a two-headed ogre
  8822 | D:8      | Reached skill level 12 in Maces & Flails
 10150 | D:9      | Noticed ThereIsNoGod's ghost (journeyman TrFi)
 10151 | D:9      | Noticed Erica
 10169 | D:9      | Killed ThereIsNoGod's ghost
 10201 | D:9      | HP: 4/91 [poisoned by Erica (bolt of poison)]
 10203 | D:9      | HP: 1/91 [poisoned by Erica (bolt of poison)]
 10203 | D:9      | Slain by Erica

Skill      XL: |  1  2  3  4  5  6  7  8  9 10 |
---------------+-------------------------------+-----
Fighting       | 4 5 6 7 8 9 |  9.4
Maces & Flails | 4 5 6 9 11 12 | 12.5
Armour         | 3 4 5 6 7 10 | 10.7
Dodging        | 3 4 |  4.6
Axes           | 3 |  3.4
Stealth        | 1 |  1.7

Action                   |  1- 3 |  4- 6 |  7- 9 | 10-12 || total
-------------------------+-------+-------+-------+-------++-------
Melee: Mace              |    81 |   146 |     6 |       ||   233
       Headbutt          |    10 |    17 |    57 |     7 ||    91
       War axe           |       |       |    76 |       ||    76
       Dire flail        |       |       |   256 |    74 ||   330
Invok: Berserk           |     1 |     1 |     4 |     1 ||     7
  Use: Scroll            |     1 |     5 |    10 |     1 ||    17
       Potion            |       |       |     2 |       ||     2
  Eat: Chunk             |     3 |     8 |     5 |     1 ||    17
       Fruit             |       |       |     2 |       ||     2
       Bread ration      |       |       |     3 |     1 ||     4
Armor: Animal skin       |     2 |       |       |       ||     2
       Scale mail        |    64 |    67 |    22 |       ||   153
       Plate armour      |       |       |   239 |    45 ||   284
Dodge: Dodged            |    73 |   121 |   202 |    21 ||   417
